 Dungeon Crawl Stone Soup version 0.16-a0-2652-gd333f3b (webtiles) character file.

3411 RobertPalmer the Spear-Bearer (level 10, 0/56 HPs)
             Began as an Octopode Ice Elementalist on Nov 22, 2014.
             Was a Believer of Dithmenos.
             Slain by an unseen horror (6 damage)
             ... on level 10 of the Dungeon on Nov 23, 2014.
             The game lasted 00:37:44 (13126 turns).

RobertPalmer the Spear-Bearer (OpIE)               Turns: 13126, Time: 00:37:44

Health: 0/56       AC:  7    Str:  7    XL:     10   Next: 4%
Magic:  11/16      EV: 12    Int: 18    God:    Dithmenos [**....]
Gold:   576        SH:  4    Dex: 16    Spells: 4 memorised, 3 levels left

rFire  . . .     SeeInvis .     a - +0 trident (venom)
rCold  . . .     Clarity  .     o - +0 buckler
rNeg   + . .     SustAb   +     (helmet restricted)
rPois  .         Gourm    .     p - amulet of regeneration
rElec  .         Spirit   .     f - ring of sustain abilities
rCorr  .         Warding  .     i - ring of positive energy
rMut   .         Stasis   .     (no ring)
MR     .....                    (no ring)
Stlth  +++++++...               (no ring)
                                (no ring)
                                (no ring)
                                (no ring)

@: icy armour, wreathed by umbra, not resistant to hostile enchantments,
extremely stealthy
A: almost no armour, amphibious, 8 rings, constrict 8, camouflage 1, gelatinous
body 1
a: Shadow Step, Renounce Religion


You were on level 10 of the Dungeon.
You worshipped Dithmenos.
Dithmenos was pleased with you.
You were not hungry.

You visited 2 branches of the dungeon, and saw 11 of its levels.
You also visited: Bailey.

You collected 801 gold pieces.
You spent 225 gold pieces at shops.


Innate Abilities, Weirdness & Mutations

You cannot wear most types of armour.
You are amphibious.
You can wear up to eight rings at the same time.
You can use your tentacles to constrict many enemies at once.
Your skin changes colour to match your surroundings (Stealth).
Your rubbery body absorbs attacks (AC +1).


   Skills:
 - Level 9.3 Polearms
 - Level 2.0 Dodging
 + Level 8.4 Stealth
 - Level 1.1 Shields
 - Level 2.0 Spellcasting
   Level 1.0 Conjurations
 - Level 4.0 Summonings
 - Level 8.0 Ice Magic


You had 3 spell levels left.
You knew the following spells:

 Your Spells              Type           Power        Failure   Level  Hunger
a - Ozocubu's Armour      Chrm/Ice       ###.....     12%         3    ###....
d - Repel Missiles        Chrm/Air       #.....       28%         2    ###....
x - Summon Ice Beast      Ice/Summ       ###.....     17%         4    #####..
z - Freeze                Ice            ####         1%          1    #......

Inventory:

Hand weapons
 a - a +0 trident of venom (weapon)
 e - the cursed +0 halberd of Umaodaq {chop, rElec rPois rC+ Str+3}
   (You bought it in a shop on level 7 of the Dungeon)

   It inflicts extra damage upon your enemies.
   It affects your strength (+3).
   It protects you from cold.
   It insulates you from electricity.
   It protects you from poison.
   It has a curse placed upon it.
Armour
 o - a +0 buckler (worn)
Jewellery
 f - a ring of sustain abilities (left tentacle)
 i - a ring of positive energy (right tentacle)
 p - an amulet of regeneration (around mantle)
Magical devices
 q - a wand of polymorph (10)
 w - a wand of cold (12)
Scrolls
 j - a scroll of identify
 r - a scroll of remove curse
Potions
 h - a potion of agility {unknown}
 k - 2 potions of mutation {!q}
 n - a potion of might {unknown}
 u - a potion of magic
 v - a potion of curing
Books
 b - a book of Frost
 t - a book of Minor Magic
Comestibles
 c - 7 bread rations
 g - 3 meat rations
 m - 3 fruits
 s - 2 beef jerkies

Dungeon Overview and Level Annotations

Branches:
Dungeon (10/15)            Temple (1/1) D:6
   Lair: D:8-11         Orc: D:9-12

Altars:
Ashenzari
Cheibriados
Dithmenos
Elyvilon
Fedhas
Gozag
Kikubaaqudgha
Makhleb
Nemelex Xobeh
Okawaru
Qazlal
Ru
Sif Muna
Trog
Vehumet
Xom
Yredelemnul
Zin
The Shining One

Shops:
D:7 (

Annotations:
D:9 runed door
D:10 csdcRatboiler's ghost, experienced DsMo

#####..#
###..##
##...## #
#...## # #...#
.. #
#...#####... #
##........ #
#.....# .#
#..@## #..#
#...## #..#
##....#
#..####..##..#
#..#..Y## #.#
#....## #.#
#...## #..
##..## #
##....##


You could see a friendly ice beast.


Message History

You reach to attack!
You hit the jelly.
The jelly is moderately wounded.
Something hits you. Something hits you! The jelly hits your ice beast.
Your ice beast is splashed with acid.
Read which item? (? for menu, Esc to quit)
As you read the scroll of fear, it crumbles to dust.
You assume a fearsome visage.
The jelly looks frightened!
Your ice beast hits something.
Your ice beast freezes something!
Something hits you! Something hits you.
* * * LOW HITPOINT WARNING * * *
Something hits you.
* * * LOW HITPOINT WARNING * * *
Something hits you.
* * * LOW HITPOINT WARNING * * *
Something hits you.
* * * LOW HITPOINT WARNING * * *
Something hits you.
* * * LOW HITPOINT WARNING * * *
Something hits you.
* * * LOW HITPOINT WARNING * * *
Something hits you.
* * * LOW HITPOINT WARNING * * *
Something hits you.
* * * LOW HITPOINT WARNING * * *
There is a stone staircase leading up here.
Something hits you.
* * * LOW HITPOINT WARNING * * *
Something hits you.
You die...

Action                   |  1- 3 |  4- 6 |  7- 9 | 10-12 || total
-------------------------+-------+-------+-------+-------++-------
Melee: Unarmed           |    77 |    31 |       |       ||   108
       Short sword       |     1 |    23 |       |       ||    24
       Quarterstaff      |       |    25 |       |       ||    25
       Spear             |       |    46 |       |       ||    46
       Trident           |       |    13 |   315 |    21 ||   349
 Cast: Freeze            |    28 |    45 |    43 |       ||   116
       Summon Ice Beast  |       |     3 |    67 |     1 ||    71
       Ozocubu's Armour  |       |       |     7 |     1 ||     8
       Repel Missiles    |       |       |     2 |       ||     2
Evoke: Wand              |       |       |     1 |       ||     1
  Use: Scroll            |       |    11 |    14 |     2 ||    27
       Potion            |       |       |     2 |       ||     2
 Stab: Sleeping          |     8 |    13 |    16 |       ||    37
       Distracted        |       |     2 |       |     1 ||     3
  Eat: Chunk             |     3 |    14 |    26 |     1 ||    44
       Meat ration       |       |       |     3 |       ||     3
       Beef jerky        |       |       |     1 |       ||     1
       Bread ration      |       |       |     1 |       ||     1
       Fruit             |       |       |     1 |       ||     1

Vault maps used:
D:1:      tarquinn_simple_flora_water_a, kennysheep_doodads
D:2:      lemuel_coloured_pillars_altar, lemuel_crystal_altar,
          gammafunk_temple_overflow_elements, st_stairs_6,
          minmay_misc_feat_encased
D:3:      kennysheep_generic_room_9, uniq_crazy_yiuf_cottage
D:4:      lemuel_doored_altar, nicolae_overflow_hidden_temple, first_bread
D:5:      kennysheep_generic_room_4
D:6:      okawaru_altar_gauntlet_db, minmay_temple_entry_junction,
          kennysheep_generic_room_7
D:7:      serial_shops, nicolae_shop_crystal
D:8:      minmay_diamond_stairs, hangedman_pestilent_swarm,
          nicolae_elemental_shop
D:9:      lightli_bailey_entry_fortress, wad_hexagon
D:10:     grunt_lair_entry_elf_guard_hut
Temple:   oiseaux_autumnal_temple_12
Bailey:   bailey_axe_3, bailey

Notes
Turn   | Place    | Note
--------------------------------------------------------------
     0 | D:1      | RobertPalmer, the Octopode Ice Elementalist, began the quest for the Orb.
     0 | D:1      | Reached XP level 1. HP: 11/11 MP: 3/3
   295 | D:1      | Reached XP level 2. HP: 12/17 MP: 1/4
   748 | D:1      | Reached skill level 4 in Ice Magic
   786 | D:1      | Reached XP level 3. HP: 14/21 MP: 6/6
  1661 | D:2      | Reached XP level 4. HP: 25/27 MP: 3/7
  1709 | D:2      | Found a glowing golden altar of the Shining One.
  1709 | D:2      | Found a stormy altar of Qazlal.
  1823 | D:2      | Reached skill level 5 in Ice Magic
  1864 | D:2      | Found a white marble altar of Elyvilon.
  2010 | D:2      | Found a blossoming altar of Fedhas.
  2250 | D:3      | Noticed Crazy Yiuf
  2258 | D:3      | Killed Crazy Yiuf
  2633 | D:3      | Reached XP level 5. HP: 28/31 MP: 9/9
  3404 | D:3      | Learned a level 3 spell: Ozocubu's Armour
  3492 | D:3      | Learned a level 4 spell: Summon Ice Beast
  3783 | D:3      | Reached skill level 1 in Shields
  4104 | D:3      | Reached skill level 1 in Summonings
  4251 | D:3      | Reached skill level 2 in Summonings
  4251 | D:3      | Reached XP level 6. HP: 8/36 MP: 3/10
  4628 | D:4      | Found a sacrificial altar of Ru.
  4630 | D:4      | Found a shattered altar of Ashenzari.
  4693 | D:4      | Reached skill level 3 in Summonings
  5294 | D:5      | Entered Level 5 of the Dungeon
  5354 | D:5      | Reached skill level 4 in Summonings
  5571 | D:5      | Reached skill level 6 in Ice Magic
  5606 | D:5      | Reached XP level 7. HP: 31/41 MP: 9/12
  6435 | D:5      | Reached skill level 7 in Ice Magic
  6720 | D:5      | Noticed a blue devil
  7080 | D:5      | Reached skill level 8 in Ice Magic
  7207 | D:6      | Reached skill level 1 in Polearms
  7207 | D:6      | Reached XP level 8. HP: 39/46 MP: 7/13
  7302 | D:6      | Reached skill level 2 in Polearms
  7581 | D:6      | Reached skill level 3 in Polearms
  7616 | D:6      | HP: 2/46 [wyvern zombie (10)]
  7812 | D:6      | Found a staircase to the Ecumenical Temple.
  7980 | D:6      | Found an iron altar of Okawaru.
  8121 | D:6      | Noticed a hippogriff
  8132 | D:6      | Killed a hippogriff
  8132 | D:6      | Reached skill level 4 in Polearms
  8706 | D:7      | Found Throcseoh's Antique Weapon Shop.
  8713 | D:7      | Bought a glowing trident for 63 gold pieces
  8753 | D:7      | Bought a pitted halberd for 162 gold pieces
  8754 | D:7      | Identified the cursed +0 halberd of Umaodaq {chop, rElec rPois rC+ Str+3} (You bought it in a shop on level 7 of the Dungeon)
  8865 | D:7      | Reached skill level 5 in Polearms
  9236 | D:7      | Learned a level 2 spell: Repel Missiles
  9274 | D:7      | Reached skill level 6 in Polearms
  9682 | D:8      | Reached XP level 9. HP: 47/51 MP: 6/14
  9684 | D:8      | Noticed a griffon
 10107 | D:7      | Reached skill level 7 in Polearms
 10163 | Temple   | Entered the Ecumenical Temple
 10682 | Temple   | Became a worshipper of Dithmenos the Shadowed
 10945 | D:8      | Killed a griffon
 10945 | D:8      | Reached skill level 8 in Polearms
 11314 | D:9      | Found a flagged portal.
 11345 | Bailey   | Entered a bailey
 11581 | Bailey   | Found a burning altar of Makhleb.
 11605 | Bailey   | Reached skill level 9 in Polearms
 11636 | Bailey   | Got a twisted quicksilver dragon armour
 11637 | Bailey   | Identified the quicksilver dragon armour "Khot" {MR+ Stlth+} (You found it in a bailey)
 11808 | D:9      | Paralysed by a yellow wasp for 3 turns
 11812 | D:9      | Reached skill level 3 in Stealth
 11864 | D:9      | Upgraded the game from 0.16-a0-2622-gbfab2ba to 0.16-a0-2652-gd333f3b
 11879 | D:9      | Reached skill level 4 in Stealth
 11959 | D:9      | Reached skill level 5 in Stealth
 12453 | D:9      | Found a runed door.
 12462 | D:9      | Reached skill level 6 in Stealth
 12481 | D:9      | Noticed a fire dragon
 12658 | D:10     | Entered Level 10 of the Dungeon
 12730 | D:10     | Reached skill level 7 in Stealth
 12958 | D:10     | Acquired Dithmenos' first power
 12971 | D:10     | Reached XP level 10. HP: 53/56 MP: 13/16
 12980 | D:10     | Reached skill level 8 in Stealth
 13038 | D:10     | Noticed csdcRatboiler's ghost (experienced DsMo)
 13126 | D:10     | Slain by an unseen horror

Vanquished Creatures
  A hippogriff (D:10)
  A sky beast (D:8)
  A yellow wasp (D:9)
  A centaur (D:10)
  2 orc warriors (Bailey)
  An ogre (D:9)
  3 giant frogs
  A jelly (D:5)
  A killer bee (D:7)
  A goliath beetle (D:6)
  4 crimson imps
  4 hounds
  7 worker ants
  Crazy Yiuf (D:3)
  4 orc priests
  A giant frog skeleton (D:6)
  2 iguanas (D:6)
  2 killer bee zombies
  A hound skeleton (D:7)
  A worker ant zombie (D:5)
  4 gnolls
  13 adders
  A giant mite (D:3)
  2 shadow imps
  A river rat (D:10)
  4 worms
  An adder skeleton (D:4)
  4 giant geckos
  17 orcs
  3 ball pythons
  19 bats
  3 bat skeletons
  A bat zombie (D:8)
  4 giant cockroaches
  20 hobgoblins
  8 jackals
  17 kobolds
  2 oozes
  A giant gecko skeleton (D:4)
  11 giant newts
  A giant spore (D:10)
  15 goblins
  5 quokkas
  23 rats
220 creatures vanquished.

Vanquished Creatures (collateral kills)
  A griffon (D:8)
  A hippogriff (D:6)
  A hungry ghost (D:9)
  A mottled dragon (D:7)
  2 orc warriors
  2 ogres
  3 sky beasts
  An ice beast (D:9)
  2 centaurs
  2 crocodiles (D:10)
  4 giant frogs
  A wyvern zombie (D:6)
  A wyvern skeleton (D:9)
  A scorpion (D:7)
  3 killer bees
  A goliath beetle (D:9)
  3 hounds
  2 jellies
  An orc priest (D:5)
  4 orc wizards
  A giant frog skeleton (D:5)
  A killer bee zombie (D:10)
  A hound skeleton (D:8)
  5 gnolls
  A giant mite (D:5)
  9 orcs
  2 hobgoblins
  A ball python (D:4)
  A goblin (Bailey)
  9 kobolds
  A quokka skeleton (D:8)
  A rat (D:10)
70 creatures vanquished.

Vanquished Creatures (others)
  12 ice beasts
  An adder (D:9)
  3 fungi (D:10)
16 creatures vanquished.

Grand Total: 306 creatures vanquished
